 Dungeon Crawl Stone Soup version 0.31-a0-236-g9a0961fb85 (webtiles) character file.

Game seed: 14305129679766031070

140 dolemite99 the Ruffian (level 5, -1/40 HPs)
             Began as a Draconian Transmuter on July 11, 2023.
             Was a Believer of Cheibriados.
             Slain by an orc
             ... wielding a +2 heavy hand axe
              (13 damage)
             ... on level 3 of the Dungeon.
             The game lasted 00:03:37 (2738 turns).

dolemite99 the Ruffian (Draconian Transmuter)       Turns: 2738, Time: 00:03:37

Health: -1/40      AC:  5    Str: 19    XL:     5   Next: 2%
Magic:  16/17      EV: 12    Int: 21    God:    Cheibriados [**....]
Gold:   86         SH:  0    Dex: 17    Spells: 7/8 levels left

rFire   . .          .
                       - Unarmed
rCold   . . .        (no shield)
rNeg    . . .        (body armour unavailable)
rPois   .            (helmet currently unavailable)
rElec   .            (no cloak)
rCorr   .            (no gloves)
SInv    .            (boots currently unavailable)
Will    .....        (no amulet)
Stlth   ++           b - ring of magical power
HPRegen 0.26/turn    (no ring)
MPRegen 0.15/turn

%: no passive effects
@: appendages, very slow
A: horns 2, talons 2, AC +5, unfitting armour, cold-blooded
a: End Transformation, Renounce Religion, Bend Time


You were on level 3 of the Dungeon.
You worshipped Cheibriados.
Cheibriados was pleased with you.
You had temporarily grown beastly horns and talons.
You visited 1 branch of the dungeon, and saw 3 of its levels.

You collected 86 gold pieces.

Inventory:

Hand Weapons
 g - a +0 sling
Magical Staves
 f - a staff of cold
Jewellery
 b - a ring of magical power (left hand)
Wands
 a - a wand of polymorph (10)
 j - a wand of acid (11)
Scrolls
 c - 3 scrolls of immolation {unknown}
 e - a scroll of amnesia {unknown}
 h - a scroll of vulnerability {unknown}
 k - a scroll of silence {unknown}
Potions
 d - a potion of magic {unknown}


   Skills:
 - Level 1.1 Fighting
 - Level 1.7 Dodging
 + Level 5.7 Unarmed Combat
 - Level 2.0 Spellcasting
 - Level 2.0 Transmutations


You had 7 spell levels left.
You knew the following spells:

 Your Spells              Type           Power      Damage    Failure   Level
a - Beastly Appendage     Tmut           20%        N/A       6%          1

Your spell library contained the following spells:

 Spells                   Type           Power      Damage    Failure   Level
 Wereblood                Tmut           10%        N/A       10%         2
 Blink                    Tloc           4%         N/A       22%         2
 Lesser Beckoning         Tloc           4%         N/A       22%         2
 Momentum Strike          Conj/Tloc      4%         3d8       22%         2
 Spider Form              Tmut/Pois      6%         N/A       28%         3
 Inner Flame              Hex/Fire       2%         N/A       41%         3
 Ice Form                 Ice/Tmut       6%         N/A       67%         4
 Flame Wave               Conj/Fire      2%         2d4       82%         4
 Sticky Flame             Conj/Fire      2%         2d3       82%         4


Dungeon Overview and Level Annotations

Branches:
Dungeon (3/15)

Altars:
Cheibriados

Annotations:
D:2 Sigmund
D:3 Natasha


Innate Abilities, Weirdness & Mutations

You have temporarily grown beastly horns and talons.
Your plain brown scales are hard. (AC +5)
You cannot fit into any form of body armour.
You are cold-blooded and may be slowed by cold attacks.


Message History

Your transformation is almost over.
HP restored.
You start waiting.
Your horns disappear.
Your talons disappear.
Found a brown potion.
d - a brown potion 2 orcs and an orc priest come into view.
An orc is wielding a +2 heavy hand axe.
Found an escape hatch in the ceiling.
The orc shouts!
The orc throws a boomerang.
The boomerang misses you.
The orc priest invokes the aid of Beogh against you.
Pain shoots through your body! The orc hits you with a +0 falchion.
Casting: Beastly Appendage (safe; 6% risk of failure)
Confirm with . or Enter, or press ? or * to list all spells.
You grow a pair of large bovine horns.
Your feet morph into talons.
The orc hits you with a +0 falchion. The orc hits you with a +0 falchion.
The orc barely misses you.
You hit the orc. Your kick misses the orc.
You headbutt the orc, but do no damage.
Your tail-slap misses the orc.
The orc is moderately wounded.
The orc closely misses you.
You hit the orc.
You kill the orc!
Cheibriados thoroughly appreciates the change of pace.
The orc hits you with a +2 heavy hand axe!
You hit the orc priest.
The orc priest is heavily wounded.
You hit the orc priest but do no damage.
You claw the orc priest.
The orc priest is heavily wounded.
The orc priest hits you with a +0 short sword.
* * * LOW HITPOINT WARNING * * *
The orc closely misses you.
You punch the orc priest!
You kill the orc priest!
Cheibriados thoroughly appreciates the change of pace.
The orc hits you with a +2 heavy hand axe!
You die...

....)...# ####....# ...
.....)..# #.......# ..#
.....)).# #.......#...#
..#...### #.......#...
###...# +.........#
###)..######...#.....####
...............#.........
...............o)#.......
................@#o......
.................#o......
........#...#....#.......
.......##...#....#.......
#########...#....#.......
#...#....########
#...###### #...# #####


You could see an orc.

Vanquished Creatures
  An orc priest (D:3)
  An orc wizard (D:3)
  4 adders
  A worm (D:2)
  2 dart slugs (D:1)
  6 orcs (D:3)
  6 ball pythons
  8 endoplasms
  4 giant cockroaches
  6 goblins
  3 hobgoblins
  3 kobolds
  A quokka (D:1)
  7 bats
  7 frilled lizards
  4 rats
64 creatures vanquished.

Notes
Turn   | Place    | Note
-------+----------+-------------------------------------------
     0 | D:1      | dolemite99 the Draconian Transmuter began the quest for the
                  | Orb.
     0 | D:1      | Reached XP level 1. HP: 16/16 MP: 3/3
   185 | D:1      | Reached XP level 2. HP: 15/23 MP: 5/5
   419 | D:1      | Reached skill level 4 in Unarmed Combat
   455 | D:1      | Found a faded altar of an unknown god.
   537 | D:1      | Prayed at the altar of an unknown god.
   537 | D:1      | Became a worshipper of Cheibriados the Contemplative
   537 | D:1      | Reached * piety under Cheibriados
   695 | D:1      | Reached XP level 3. HP: 28/28 MP: 6/6
  1534 | D:2      | Reached ** piety under Cheibriados
  1982 | D:2      | Reached skill level 5 in Unarmed Combat
  1982 | D:2      | Reached XP level 4. HP: 33/35 MP: 7/7
  2174 | D:2      | Noticed Sigmund
  2196 | D:3      | Noticed Natasha
  2660 | D:3      | Reached XP level 5. HP: 36/40 MP: 8/8
  2738 | D:3      | Slain by an orc

Illustrated notes

Levels and vault maps discovered:
D:1:      ncdulo_halloftheorcs, layout_basic, shapermc_ecumenical_altar_ellora
D:2:      layout_basic, chequers_decorated_corner, uniq_sigmund
D:3:      layout_basic, nicolae_wu_jian_wuxing_cycle, st_stairs_1, uniq_natasha,
          uniq_ijyb

Skill      XL: |  1  2  3 |
---------------+----------+-----
Unarmed Combat | 4 5 |  5.7
Fighting       | |  1.1
Dodging        | |  1.7
Spellcasting   | |  2.0
Transmutations | |  2.0

Action                     |  1- 3 |  4- 6 || total
---------------------------+-------+-------++-------
  Melee: Unarmed           |   106 |    57 ||   163
         Tailslap          |    13 |     3 ||    16
         Punch             |     2 |     1 ||     3
         Headbutt          |    11 |     4 ||    15
         Kick              |    10 |    11 ||    21
   Cast: Beastly Appendage |    24 |    13 ||    37
    Use: Potion            |     2 |     4 ||     6
 Armour: Skin              |    52 |    37 ||    89
  Dodge: Dodged            |    94 |    52 ||   146

Table legend: (Time is in decaauts)
 A = Elapsed time spent in this place.
 B = Non-inter-level travel time spent in this place.
 C = Inter-level travel time spent in this place.
 D = Time resting spent in this place.
 E = Time spent auto-exploring this place.
 F = Levels seen in this place.
 G = Mean time per level.
                   A        B        C        D        E       F      G
               +--------+--------+--------+--------+--------+-----+--------+
         Total |   3175 |   3056 |    119 |   1158 |   1063 |   3 | 1058.3 |
       Dungeon |   3175 |   3056 |    119 |   1158 |   1063 |   3 | 1058.3 |
               +--------+--------+--------+--------+--------+-----+--------+

Top non-repeatable levels by time:
     D:2: 1536 daAuts
     D:1: 1158 daAuts
     D:3: 480 daAuts
